 Dungeon Crawl Stone Soup version 0.24-a0-292-g5c6fb1c (webtiles) character file.

Game seed: 4218128296648913652

67 frenix the Scratcher (level 3, -2/15 HPs)
             Began as a Felid Transmuter on May 10, 2019.
             Slain by a hobgoblin (3 damage)
             ... on level 3 of the Dungeon.
             The game lasted 00:09:15 (3053 turns).

frenix the Scratcher (Felid Transmuter)             Turns: 3053, Time: 00:09:15

Health: -2/15      AC:  1    Str:  6    XL:     3   Next: 98%
Magic:  0/8        EV: 18    Int: 14    God:
Gold:   47         SH:  0    Dex: 17    Spells: 4/8 levels left
                                        Lives:  0   Deaths: 0

rFire    . . .     SeeInvis +     - Unarmed
rCold    . . .     Gourm    .   (shield unavailable)
rNeg     . . .     Faith    .   (armour unavailable)
rPois    .         Spirit   .   (helmet unavailable)
rElec    .         Reflect  .   (cloak unavailable)
rCorr    .         Harm     .   (gloves unavailable)
MR       .....                  (boots unavailable)
Stlth    +.........             (no amulet)
HPRegen  0.05/turn              f - ring of attention (curse)
MPRegen  0.11/turn              (no ring)

@: very slightly contaminated, quick
A: very small, no armour, no weapons or thrown items, stealth, claws 1, fangs 3,
see invisible, carnivore, speed 1, shaggy fur 1, slow metabolism 1, sharp paws
a: no special abilities


You were on level 3 of the Dungeon.
You were very hungry.

You visited 1 branch of the dungeon, and saw 3 of its levels.

You collected 47 gold pieces.

Inventory:

Missiles
 a - 35 arrows
Jewellery
 f - a cursed ring of attention (left paw)
Potions
 b - a potion of flight
 d - a potion of brilliance {unknown}
 e - a potion of curing
Comestibles
 c - 4 rations


   Skills:
 - Level 1.0 Fighting
 - Level 2.7 Dodging
 - Level 3.2 Unarmed Combat
 + Level 3.0 Spellcasting
 + Level 3.2 Transmutations
 * Level 0.7 Poison Magic


You had 4 spell levels left.
You knew the following spells:

 Your Spells              Type           Power        Failure   Level  Hunger
a - Beastly Appendage     Tmut           ##....       6%          1    #......
s - Spider Form           Tmut/Pois      #.........   28%         3    ###....

Your spell library contained the following spells:

 Spells                   Type           Power        Failure   Level  Hunger
 Sticks to Snakes         Tmut           ##......     9%          2    ##.....
 Ice Form                 Ice/Tmut       #.......     73%         4    #####..
 Blade Hands              Tmut           ##........   85%         5    ######.


Dungeon Overview and Level Annotations

Branches:
Dungeon (3/15)

Altars:


Innate Abilities, Weirdness & Mutations

You cannot wear armour.
You are incapable of wielding weapons or throwing items.
Your paws allow you to move quietly. (Stealth)
You have sharp claws.
You have razor-sharp teeth.
You have supernaturally acute eyesight. (SInv)
You are carnivorous and can eat meat at any time.
You cover ground quickly.
You are covered in fur. (AC +1)
You have a slow metabolism.
Your sharp claws are effective at attacking unaware monsters.


Message History

The kobold completely misses you. The worm completely misses you.
You miss the kobold. The kobold hits you.
You hit the kobold.
You kill the kobold!
The worm barely misses you.
Your transformation has ended.
Casting: Spider Form (safe; 28% risk of failure)
Confirm with . or Enter, or press ? or * to list all spells.
You miscast Spider Form.
You are very lightly contaminated with residual magic.
Your vision is briefly tinged with green.
Casting: Spider Form (safe; 28% risk of failure)
Confirm with . or Enter, or press ? or * to list all spells.
You miscast Spider Form.
Your paws glow momentarily.
The worm bites you!
Ouch! That really hurt!
* * * LOW HITPOINT WARNING * * *
The hobgoblin hits you with a +0 club.
* * * LOW HITPOINT WARNING * * *
The hobgoblin hits you.
You die...

#.....?....#
#..........#
#..........#
#..........#
#......(.# #...?..#
#......# #....wg#
#....g@# #......#
###......#
..).......#
........#.##########
........#.#........#
........#(#.######.#
........#.#.....<#.#
........#.########.#


You could see a worm and 2 hobgoblins.

Vanquished Creatures
  An adder (D:2)
  A worm (D:2)
  4 dart slugs
  A leopard gecko (D:1)
  2 giant cockroaches
  6 goblins
  7 hobgoblins
  4 jackals (D:1)
  8 kobolds
  A bat (D:2)
  3 frilled lizards
  6 rats
44 creatures vanquished.

Notes
Turn   | Place    | Note
-------+----------+-------------------------------------------
     0 | D:1      | frenix the Felid Transmuter began the quest for the Orb.
     0 | D:1      | Reached XP level 1. HP: 9/9 MP: 4/4
   284 | D:1      | Reached XP level 2. HP: 10/12 MP: 6/6
  1480 | D:2      | Reached XP level 3. HP: 13/15 MP: 7/7
  1506 | D:2      | Learned a level 3 spell: Spider Form
  3053 | D:3      | Slain by a hobgoblin

Levels and vault maps discovered:
D:1:      matt_arrival_refuge, layout_basic
D:2:      layout_basic, first_ration
D:3:      layout_basic, old_standard_altar, minmay_overflow_temple_star_hex

Skill      XL: |  1  2  3 |
---------------+----------+-----
Transmutations | 3 |  3.2
Spellcasting   | 3 |  3.0
Fighting       | |  1.0
Dodging        | |  2.7
Unarmed Combat | |  3.2
Poison Magic   | |  0.7

Action                   || total
-------------------------++-------
Melee: Unarmed           ||   124
       Headbutt          ||    11
       Bite              ||     4
 Cast: Beastly Appendage ||    16
       Spider Form       ||    13
  Use: Scroll            ||     4
 Stab: Sleeping          ||     1
  Eat: Chunk             ||     2
       Ration            ||     1
Armor: Skin              ||     4
Dodge: Dodged            ||   102

Table legend:
 A = Non-vault XP
 B = Vault XP
 C = Vault XP percentage of total XP
 D = Non-vault monster count
 E = Vault monster count
 F = Vault count percentage of total count
                 A         B        C        D         E       F
            +---------+---------+-------+---------+---------+-------
      Total |      96 |       0 |   0.0 |      44 |       0 |   0.0
            +---------+---------+-------+---------+---------+-------
        D:1 |      34 |       0 |   0.0 |      18 |       0 |   0.0
        D:2 |      59 |       0 |   0.0 |      24 |       0 |   0.0
        D:3 |       3 |       0 |   0.0 |       2 |       0 |   0.0
            +---------+---------+-------+---------+---------+-------
